SAA
LANCASTER FARMERS @ CASPER GHOSTS
08/25/2037
 
TOP OF THE 1ST
Lancaster Farmers batting - Pitching for Casper Ghosts : LHP Jorge Oyas
Pitching: LHP Jorge Oyas
Batting: RHB Álex Chávez 0-0: SINGLE (Groundball, 6MD, EV 102.5 MPH)
Batting: LHB Bryan Decker 0-0: Ball
1-0: Ball
2-0: SINGLE (Groundball, 6MD, EV 108.8 MPH)
Álex Chávez to second
Runner from 2nd tries for 3rd, SAFE, no throw by CF
Batting: RHB Curf Pierstisnips 0-0: Ball
1-0: Ground out 4-3 (Groundball, 3, EV 82.5 MPH)
Álex Chávez scores
Bryan Decker to second
Batting: SHB Ray Carey 0-0: SINGLE (Line Drive, 34, EV 100.6 MPH)
Bryan Decker to third
Runner from 3rd tries for Home, SAFE, throw by RF to home
Batting: LHB Fernando Sandoval 0-0: Ball
Ray Carey is caught stealing 2nd base 2-6
1-0: Ball
2-0: Called Strike
2-1: Swinging Strike
2-2: Ball
3-2: Foul Ball, location: 2F
3-2: Foul Ball, location: 2F
3-2: Base on Balls
Batting: RHB Cord Hosenbeck 0-0: Ball
1-0: Foul Ball, location: 2F
1-1: Swinging Strike
1-2: Foul Ball, location: 2F
1-2: Foul Ball, location: 2F
1-2: Ball
2-2: Ball
3-2: Strikes out looking
Top of the 1st over - 2 runs, 3 hits, 0 errors, 1 left on base; Lancaster 2 - Casper 0
BOTTOM OF THE 1ST
Casper Ghosts batting - Pitching for Lancaster Farmers : RHP Billy Threepwood
Pitching: RHP Billy Threepwood
Batting: LHB Charles Godard 0-0: Ball
1-0: Ground out 5-3 (Groundball, 56S, EV 89.4 MPH)
Batting: LHB Carlos Campos 0-0: Ball
1-0: Called Strike
1-1: Ball
2-1: SINGLE (Groundball, 4M, EV 83.1 MPH) (infield hit)
Batting: RHB César Guerra 0-0: Ball
1-0: Ball
2-0: Called Strike
2-1: Ball
3-1: Base on Balls
Carlos Campos to second
Batting: SHB Arend van der Veen 0-0: Ball
1-0: Swinging Strike
1-1: 3-RUN HOME RUN (Flyball, 78XD, EV 101.9 MPH), Distance : 412 ft
Batting: LHB Duncan Witteman 0-0: Called Strike
0-1: Foul Ball, location: 2F
0-2: Ball
1-2: Ball
2-2: Foul Ball, location: 2F
2-2: Ball
3-2: SINGLE (Flyball, 7S, EV 90.0 MPH)
Batting: RHB Tristan Eikelenboom 0-0: Called Strike
0-1: Fly out, F7 (Flyball, 7D, EV 96.2 MPH)
Batting: RHB Hjalmar Bisseling 0-0: Ball
1-0: Ball
2-0: Ball
3-0: Base on Balls
Duncan Witteman to second
Batting: RHB Wen Chua 0-0: Called Strike
0-1: Ball
1-1: Ground out 1-3 (Groundball, 13S, EV 66.9 MPH)
Bottom of the 1st over - 3 runs, 3 hits, 0 errors, 2 left on base; Lancaster 2 - Casper 3
TOP OF THE 2ND
Lancaster Farmers batting - Pitching for Casper Ghosts : LHP Jorge Oyas
Batting: RHB Eibe Schmidt 0-0: Foul Ball, location: 2F
0-1: Ball
1-1: Ball
2-1: Foul Ball, location: 2F
2-2: Foul Ball, location: 2F
2-2: Foul Ball, location: 2F
2-2: SINGLE (Flyball, 8RS, EV 92.5 MPH)
Batting: LHB Puck Schit 0-0: Called Strike
0-1: Swinging Strike
0-2: Ball
1-2: Strikes out swinging
Batting: RHB Du-yang Zhu 0-0: Ball
1-0: Reaches on Catchers interference
Eibe Schmidt to second
Batting: RHB Álex Chávez 0-0: Foul Ball, location: 2F
0-1: SINGLE (Line Drive, 3L, EV 96.9 MPH)
Eibe Schmidt to third
Du-yang Zhu to second
Runner from 3rd tries for Home, SAFE, no throw by RF
Batting: LHB Bryan Decker 0-0: Ball
1-0: Ball
2-0: Fly out, F8 (Line Drive, 8LM, EV 89.4 MPH)
Batting: RHB Curf Pierstisnips 0-0: Ball
1-0: Ball
2-0: Ball
3-0: Base on Balls
Du-yang Zhu to third
Álex Chávez to second
Batting: SHB Ray Carey 0-0: Ball
1-0: Ball
2-0: Called Strike
2-1: Foul Ball, location: 2F
2-2: Foul Ball, location: 2F
2-2: Fly out, F8 (Flyball, 8RD, EV 86.2 MPH)
Top of the 2nd over - 1 run, 2 hits, 1 error, 3 left on base; Lancaster 3 - Casper 3
BOTTOM OF THE 2ND
Casper Ghosts batting - Pitching for Lancaster Farmers : RHP Billy Threepwood
Batting: RHB Ángel Castro 0-0: Foul Ball, location: 2F
0-1: Swinging Strike
0-2: Strikes out looking
Batting: LHB Charles Godard 0-0: Ball
1-0: Ball
2-0: Ball
3-0: Called Strike
3-1: SINGLE (Line Drive, 6M, EV 100.0 MPH)
Batting: LHB Carlos Campos 0-0: Ball
Charles Godard steals 2nd base (no throw)
1-0: Called Strike
1-1: Swinging Strike
1-2: Ball
2-2: Foul Ball, location: 2F
2-2: Single, Error in OF, E8, batter to second base (Groundball, 4MD, EV 101.2 MPH)
Charles Godard scores
Batting: RHB César Guerra 0-0: Called Strike
0-1: Fly out, F8 (Flyball, 8LS, EV 82.5 MPH)
Batting: SHB Arend van der Veen 0-0: Ball
1-0: Called Strike
1-1: Ground out 4-3 (Groundball, 4, EV 81.9 MPH)
Bottom of the 2nd over - 1 run, 2 hits, 1 error, 1 left on base; Lancaster 3 - Casper 4
TOP OF THE 3RD
Lancaster Farmers batting - Pitching for Casper Ghosts : LHP Jorge Oyas
Batting: LHB Fernando Sandoval 0-0: Ball
1-0: Ball
2-0: Called Strike
2-1: Ball
3-1: Fly out, F8 (Line Drive, 8RD, EV 90.6 MPH)
Batting: RHB Cord Hosenbeck 0-0: Ball
1-0: Foul Ball, location: 2F
1-1: DOUBLE (Line Drive, 5D, EV 97.5 MPH)
Batting: RHB Eibe Schmidt 0-0: Ball
1-0: Ball
Wild Pitch!
Cord Hosenbeck to third
2-0: Foul Ball, location: 2F
2-1: Fly out, F8 (Flyball, 78M, EV 81.9 MPH)
Runner from 3rd tags up, SCORES, throw by CF
Batting: LHB Puck Schit 0-0: Called Strike
0-1: Foul Ball, location: 2F
0-2: Ball
1-2: Fly out, F9 (Flyball, 9, EV 81.2 MPH)
Top of the 3rd over - 1 run, 1 hit, 0 errors, 0 left on base; Lancaster 4 - Casper 4
BOTTOM OF THE 3RD
Casper Ghosts batting - Pitching for Lancaster Farmers : RHP Billy Threepwood
Batting: LHB Duncan Witteman 0-0: Ball
1-0: Swinging Strike
1-1: Called Strike
1-2: Fly out, F8 (Flyball, 8LD, EV 81.2 MPH)
Batting: RHB Tristan Eikelenboom 0-0: Ball
1-0: Ball
2-0: Fly out, F4 (Popup, 34D, EV 69.4 MPH)
Batting: RHB Hjalmar Bisseling 0-0: Ball
1-0: Ground out 5-3 (Groundball, 5, EV 85.0 MPH)
Bottom of the 3rd over - 0 runs, 0 hits, 0 errors, 0 left on base; Lancaster 4 - Casper 4
TOP OF THE 4TH
Lancaster Farmers batting - Pitching for Casper Ghosts : LHP Jorge Oyas
Batting: RHB Du-yang Zhu 0-0: Called Strike
0-1: Ball
1-1: Ball
2-1: Ball
3-1: Base on Balls
Batting: RHB Álex Chávez 0-0: Foul Ball, location: 2F
0-1: Ball
1-1: Ball
2-1: Called Strike
2-2: Ball
3-2: Foul Ball, location: 2F
3-2: Foul Ball, location: 2F
3-2: Base on Balls
Du-yang Zhu to second
Batting: LHB Bryan Decker 0-0: Ball
1-0: Ball
2-0: Called Strike
2-1: Foul Ball, location: 2F
2-2: Strikes out swinging
Batting: RHB Curf Pierstisnips 0-0: Called Strike
0-1: Ball
1-1: SINGLE (Flyball, 89M, EV 91.2 MPH)
Du-yang Zhu to third
Álex Chávez to second
Runner from 3rd tries for Home, SAFE, no throw by RF
Batting: SHB Ray Carey 0-0: Called Strike
Álex Chávez steals 3rd base
0-1: Ball
1-1: Ball
2-1: Foul Ball, location: 2F
2-2: SINGLE (Groundball, 56D, EV 105.0 MPH)
Álex Chávez scores
Curf Pierstisnips to second
Pitching: LHP Raúl Hinojosa
Batting: LHB Fernando Sandoval 0-0: Ball
1-0: Ball
2-0: Ball
3-0: Base on Balls
Curf Pierstisnips to third
Ray Carey to second
Batting: RHB Cord Hosenbeck 0-0: Fly out, F8 (Line Drive, 8RD, EV 103.1 MPH)
Runner from 3rd tags up, SCORES, no throw by CF
Batting: RHB Eibe Schmidt 0-0: Ball
1-0: Ball
2-0: Fly out, F9 (Flyball, 9, EV 86.2 MPH)
Top of the 4th over - 3 runs, 2 hits, 0 errors, 2 left on base; Lancaster 7 - Casper 4
BOTTOM OF THE 4TH
Casper Ghosts batting - Pitching for Lancaster Farmers : RHP Billy Threepwood
Batting: RHB Wen Chua 0-0: Ball
1-0: SINGLE (Flyball, 34D, EV 88.1 MPH)
Batting: RHB Ángel Castro 0-0: Called Strike
0-1: Fly out, F8 (Line Drive, 8LD, EV 95.0 MPH)
Batting: LHB Charles Godard 0-0: SINGLE (Groundball, 5S, EV 72.5 MPH) (infield hit)
Wen Chua to second
Batting: LHB Carlos Campos 0-0: Ball
1-0: Ball
2-0: Foul Ball, location: 2F
2-1: Ball
3-1: Grounds into double play, 4-6-3 (Groundball, 4, EV 80.6 MPH)
Bottom of the 4th over - 0 runs, 2 hits, 0 errors, 1 left on base; Lancaster 7 - Casper 4
TOP OF THE 5TH
Lancaster Farmers batting - Pitching for Casper Ghosts : LHP Raúl Hinojosa
Batting: LHB Puck Schit 0-0: Swinging Strike
0-1: Ball
1-1: Swinging Strike
1-2: Ball
2-2: Ball
3-2: Base on Balls
Batting: RHB Du-yang Zhu 0-0: Called Strike
0-1: Bunt missed!
0-2: SINGLE (Groundball, 56D, EV 100.6 MPH)
Puck Schit to second
Runner from 2nd tries for 3rd, SAFE, throw by LF made to third
Batting: RHB Álex Chávez 0-0: Ball
1-0: Ball
2-0: 3-RUN HOME RUN (Flyball, 78XD, EV 91.2 MPH), Distance : 412 ft
Batting: LHB Bryan Decker 0-0: Ball
1-0: Ball
2-0: Foul Ball, location: 2F
2-1: Foul Ball, location: 2F
2-2: Ball
3-2: Strikes out looking
Batting: RHB Curf Pierstisnips 0-0: Fly out, F8 (Flyball, 8LM, EV 94.4 MPH)
Batting: SHB Ray Carey 0-0: Foul Ball, location: 2F
0-1: Called Strike
0-2: Ball
1-2: Ball
2-2: Fly out, F4 (Popup, 34, EV 73.8 MPH)
Top of the 5th over - 3 runs, 2 hits, 0 errors, 0 left on base; Lancaster 10 - Casper 4
BOTTOM OF THE 5TH
Casper Ghosts batting - Pitching for Lancaster Farmers : RHP Billy Threepwood
Batting: RHB César Guerra 0-0: DOUBLE (Groundball, 5L, EV 95.0 MPH)
Batting: SHB Arend van der Veen 0-0: Ball
1-0: Ball
2-0: Ball
3-0: Called Strike
3-1: Called Strike
3-2: Base on Balls
Batting: LHB Duncan Witteman 0-0: Grounds into double play, 4-6-3 (Groundball, 4, EV 85.0 MPH)
César Guerra to third
Batting: RHB Tristan Eikelenboom 0-0: Swinging Strike
0-1: Called Strike
0-2: Ball
1-2: Strikes out swinging
Bottom of the 5th over - 0 runs, 1 hit, 0 errors, 1 left on base; Lancaster 10 - Casper 4
TOP OF THE 6TH
Lancaster Farmers batting - Pitching for Casper Ghosts : LHP Raúl Hinojosa
Batting: LHB Fernando Sandoval 0-0: Ball
1-0: Foul Ball, location: 2F
1-1: Swinging Strike
1-2: Foul Ball, location: 2F
1-2: Foul Ball, location: 2F
1-2: Foul Ball, location: 2F
1-2: Ground out 6-3 (Groundball, 6, EV 108.8 MPH)
Batting: RHB Cord Hosenbeck 0-0: Fly out, F7 (Flyball, 7LS, EV 84.4 MPH)
Batting: RHB Eibe Schmidt 0-0: Swinging Strike
0-1: Swinging Strike
0-2: Foul Ball, location: 2F
0-2: Strikes out swinging
Top of the 6th over - 0 runs, 0 hits, 0 errors, 0 left on base; Lancaster 10 - Casper 4
BOTTOM OF THE 6TH
Casper Ghosts batting - Pitching for Lancaster Farmers : RHP Billy Threepwood
Batting: RHB Hjalmar Bisseling 0-0: Ball
1-0: Foul Ball, location: 2F
1-1: Ball
2-1: Ball
3-1: Fly out, F5 (Popup, 5, EV 63.1 MPH)
Batting: RHB Wen Chua 0-0: Called Strike
0-1: Ball
1-1: Ball
2-1: SINGLE (Line Drive, 8LS, EV 110.6 MPH)
Batting: RHB Ángel Castro 0-0: Ball
1-0: Foul Ball, location: 2F
1-1: Fly out, F2 (Popup, 23F, EV 81.2 MPH)
Batting: LHB Charles Godard 0-0: Ball
Wen Chua steals 2nd base
1-0: Foul Ball, location: 2F
1-1: Called Strike
1-2: Ground out U3 (Groundball, 34, EV 88.1 MPH)
Bottom of the 6th over - 0 runs, 1 hit, 0 errors, 1 left on base; Lancaster 10 - Casper 4
TOP OF THE 7TH
Lancaster Farmers batting - Pitching for Casper Ghosts : LHP Raúl Hinojosa
Batting: LHB Puck Schit 0-0: Called Strike
0-1: Ball
1-1: Foul Ball, location: 2F
1-2: Fly out, F9 (Flyball, 9S, EV 91.2 MPH)
Batting: RHB Du-yang Zhu 0-0: Called Strike
0-1: Ground out 6-3 (Groundball, 6, EV 85.0 MPH)
Batting: RHB Álex Chávez 0-0: Ball
1-0: Ball
2-0: Called Strike
2-1: Called Strike
2-2: Ball
3-2: Base on Balls
Batting: LHB Bryan Decker 0-0: Ground out 4-3 (Groundball, 34, EV 107.5 MPH)
Top of the 7th over - 0 runs, 0 hits, 0 errors, 1 left on base; Lancaster 10 - Casper 4
BOTTOM OF THE 7TH
Casper Ghosts batting - Pitching for Lancaster Farmers : RHP Billy Threepwood
Batting: LHB Carlos Campos 0-0: Foul Ball, location: 2F
0-1: Called Strike
0-2: Ball
1-2: Ball
2-2: Foul Ball, location: 2F
2-2: Ball
3-2: DOUBLE (Flyball, 8RXD, EV 95.0 MPH)
Pitching: RHP Matt Brown
Batting: RHB César Guerra 0-0: Called Strike
0-1: Ball
1-1: Called Strike
1-2: Ground out U3 (Groundball, 34S, EV 83.1 MPH)
Carlos Campos to third
Batting: SHB Arend van der Veen 0-0: Foul Ball, location: 2F
0-1: Ball
1-1: Swinging Strike
1-2: Strikes out looking
Batting: LHB Duncan Witteman 0-0: Ball
1-0: SINGLE (Groundball, 56D, EV 95.0 MPH)
Carlos Campos scores
Batting: RHB Tristan Eikelenboom 0-0: Foul Ball, location: 2F
0-1: Ball
1-1: Ball
2-1: Ball
3-1: Fielders Choice at 2nd, U4 (Groundball, 4M, EV 103.1 MPH)
Bottom of the 7th over - 1 run, 2 hits, 0 errors, 1 left on base; Lancaster 10 - Casper 5
TOP OF THE 8TH
Lancaster Farmers batting - Pitching for Casper Ghosts : LHP Raúl Hinojosa
Batting: RHB Curf Pierstisnips 0-0: Called Strike
0-1: Foul Ball, location: 2F
0-2: Ground out 4-3 (Groundball, 34, EV 89.4 MPH)
Batting: SHB Ray Carey 0-0: Called Strike
0-1: SINGLE (Flyball, 7, EV 82.5 MPH)
Pitching: LHP Jon Cain
Batting: LHB Fernando Sandoval 0-0: Ball
1-0: Ball
Ray Carey steals 2nd base
2-0: Ball
3-0: Called Strike
3-1: SINGLE (Line Drive, 8LS, EV 89.4 MPH)
Ray Carey to third
Runner from 3rd tries for Home, SAFE, no throw by CF
Batting: RHB Cord Hosenbeck 0-0: Foul Ball, location: 2F
0-1: Ball
1-1: SINGLE (Groundball, 4, EV 85.0 MPH) (infield hit)
Fernando Sandoval to second
Batting: RHB Eibe Schmidt 0-0: Called Strike
0-1: SINGLE (Groundball, 56, EV 84.4 MPH) (infield hit)
Fernando Sandoval to third
Cord Hosenbeck to second
Batting: LHB Puck Schit 0-0: TRIPLE (Line Drive, 9LD, EV 108.8 MPH)
Fernando Sandoval scores
Cord Hosenbeck scores
Eibe Schmidt scores
Batting: RHB Du-yang Zhu 0-0: Foul Ball, location: 2F
0-1: Foul Ball, location: 2F
0-2: Ball
1-2: Ball
2-2: Ball
3-2: Base on Balls
Pinch Hitting: RHB Domingo Zamora 0-0: Foul Ball, location: 2F
0-1: Foul Ball, location: 2F
0-2: Fielders Choice at 2nd, 6-4 (Groundball, 6, EV 90.0 MPH)
Puck Schit scores
Pitching: LHP John Penton
Batting: LHB Bryan Decker 0-0: Ball
1-0: Foul Ball, location: 2F
1-1: Ball
2-1: Foul Ball, location: 2F
2-2: Foul Ball, location: 2F
2-2: Foul Ball, location: 2F
2-2: Fly out, F7 (Flyball, 7, EV 86.9 MPH)
Top of the 8th over - 5 runs, 5 hits, 0 errors, 1 left on base; Lancaster 15 - Casper 5
BOTTOM OF THE 8TH
Casper Ghosts batting - Pitching for Lancaster Farmers : RHP Matt Brown
Now at SS: Domingo Zamora
Batting: RHB Hjalmar Bisseling 0-0: Called Strike
0-1: Swinging Strike
0-2: Ball
1-2: SINGLE (Groundball, 4MD, EV 110.0 MPH)
Batting: RHB Wen Chua 0-0: Ball
1-0: Called Strike
1-1: Foul Ball, location: 2F
1-2: Strikes out looking
Batting: RHB Ángel Castro 0-0: Fly out, F7 (Line Drive, 7D, EV 89.4 MPH)
Batting: LHB Charles Godard 0-0: Foul Ball, location: 2F
0-1: Ball
1-1: Swinging Strike
1-2: Fielders Choice at 2nd, 6-4 (Groundball, 6, EV 88.8 MPH)
Bottom of the 8th over - 0 runs, 1 hit, 0 errors, 1 left on base; Lancaster 15 - Casper 5
TOP OF THE 9TH
Lancaster Farmers batting - Pitching for Casper Ghosts : LHP John Penton
Pinch Hitting: RHB John Fuller 0-0: Called Strike
0-1: Ball
1-1: Ground out 6-3 (Groundball, 6S, EV 83.8 MPH)
Batting: SHB Ray Carey 0-0: Foul Ball, location: 2F
0-1: Called Strike
0-2: Foul Ball, location: 2F
0-2: Strikes out swinging
Pinch Hitting: RHB Katsuhiko Sato 0-0: SINGLE (Groundball, 56D, EV 97.5 MPH)
Batting: RHB Cord Hosenbeck 0-0: Ball
1-0: Ball
2-0: Called Strike
2-1: Foul Ball, location: 2F
2-2: Reached on error, E7 (Flyball, 7D, EV 82.5 MPH)
Katsuhiko Sato to third
Batting: RHB Eibe Schmidt 0-0: Ball
1-0: Called Strike
1-1: Ball
2-1: Ball
3-1: SINGLE (Groundball, 6MD, EV 97.5 MPH)
Katsuhiko Sato scores
Cord Hosenbeck to third
Batting: LHB Puck Schit 0-0: Swinging Strike
0-1: Swinging Strike
0-2: Strikes out swinging
Top of the 9th over - 1 run, 2 hits, 1 error, 2 left on base; Lancaster 16 - Casper 5
BOTTOM OF THE 9TH
Casper Ghosts batting - Pitching for Lancaster Farmers : RHP Matt Brown
Now at SS: John Fuller
Now in LF: Yaakov Shmerkin
Batting: LHB Carlos Campos 0-0: Ball
1-0: Ball
2-0: Foul Ball, location: 2F
2-1: Ball
3-1: Called Strike
3-2: Strikes out swinging
Batting: RHB César Guerra 0-0: Swinging Strike
0-1: Foul Ball, location: 2F
0-2: Ball
1-2: Strikes out swinging
Pinch Hitting: LHB Lewis Faulkner 0-0: Ball
1-0: Called Strike
1-1: Swinging Strike
1-2: Ball
2-2: Ball
3-2: Base on Balls
Batting: LHB Duncan Witteman 0-0: Ball
1-0: Called Strike
1-1: SINGLE (Line Drive, 8LS, EV 95.6 MPH)
Lewis Faulkner to second
Batting: RHB Tristan Eikelenboom 0-0: Ball
1-0: Fly out, F8 (Flyball, 89D, EV 96.9 MPH)
Bottom of the 9th over - 0 runs, 1 hit, 0 errors, 2 left on base; Lancaster 16 - Casper 5
Thursday, January 23rd, 2020 - OOTP Baseball 20.8 Build 74